 Dungeon Crawl Stone Soup version 0.29-a0-717-g6dac4ea423 (webtiles) character file.

Game seed: 17387047563416518016

943 indigestion the Destroyer (level 8, -9/48 HPs)
             Began as an Octopode Conjurer on June 27, 2022.
             Was an Initiate of Sif Muna.
             Killed from afar by a steam dragon (24 damage)
             ... with a ball of steam
             ... on level 6 of the Dungeon.
             The game lasted 00:32:33 (7254 turns).

indigestion the Destroyer (Octopode Conjurer)       Turns: 7254, Time: 00:32:34

Health: -9/48      AC:  1    Str:  9    XL:     8   Next: 12%
Magic:  12/17      EV: 13    Int: 20    God:    Sif Muna [......]
Gold:   254        SH:  0    Dex: 10    Spells: 12/17 levels left

rFire   . . .      SeeInvis .   u - staff of air
rCold   . . .      Faith    .   (no shield)
rNeg    . . .      Spirit   .   (helmet restricted)
rPois   .          Reflect  .   (no amulet)
rElec   +          Harm     .   n - ring of willpower
rCorr   .          Rampage  .   (no ring)
Will    +....                   (no ring)
Stlth   +++.......              (no ring)
HPRegen 0.16/turn               (no ring)
MPRegen 0.15/turn               (no ring)
                                (no ring)
                                (no ring)

@: no status effects
A: almost no armour, amphibious, 8 rings, camouflage 1, gelatinous body 1,
(nimble swimmer 1), tentacles, high MP 1, MP-powered wands
a: Renounce Religion


You were on level 6 of the Dungeon.
You worshipped Sif Muna.
Sif Muna was noncommittal.
You visited 2 branches of the dungeon, and saw 7 of its levels.

You collected 254 gold pieces.

Inventory:

Hand Weapons
 f - a +0 short sword of protection
Magical Staves
 h - a staff of fire
 u - a staff of air (weapon)
 v - a staff of death
Jewellery
 n - a ring of willpower (left tentacle)
Wands
 t - a wand of charming (5)
Scrolls
 b - a scroll of brand weapon {unknown}
 d - a scroll of blinking
 g - a scroll of magic mapping {unknown}
 i - 2 scrolls of vulnerability
 l - a scroll of enchant armour {unknown}
 m - a scroll of fog {unknown}
 o - a scroll of fear {unknown}
 q - a scroll of enchant weapon {unknown}
 s - a scroll of immolation {unknown}
 w - 2 scrolls of teleportation {unknown}
Potions
 a - a potion of attraction
 c - a potion of heal wounds
 e - 4 potions of curing
 j - a potion of might
 p - a potion of brilliance
 r - a potion of magic


   Skills:
 - Level 1.0 Fighting
 - Level 1.0 Short Blades
 - Level 0.7 Maces & Flails
 - Level 2.0 Dodging
 - Level 3.0 Stealth
 - Level 5.0 Spellcasting
 * Level 8.1 Conjurations


You had 12 spell levels left.
You knew the following spells:

 Your Spells              Type           Power      Damage    Failure   Level
a - Magic Dart            Conj           100%       1d8       1%          1
b - Searing Ray           Conj           74%        2d7       1%          2
c - Necrotize             Necr           20%        1d5       12%         1
d - Summon Small Mammal   Summ           20%        N/A       11%         1

Your spell library contained the following spells:

 Spells                   Type           Power      Damage    Failure   Level
 Shock                    Conj/Air       100%       1d9       2%          1
 Dazzling Flash           Conj/Hex       42%        N/A       6%          3
 Apportation              Tloc           10%        N/A       12%         1
 Poisonous Vapours        Pois/Air       14%        N/A       17%         2
 Fulminant Prism          Conj/Hex       10%        3d9       22%         4
 Iskenderun's Mystic Bla  Conj/Tloc      21%        2d6       22%         4
 Gell's Gravitas          Tloc           5%         N/A       34%         3
 Swiftness                Air            7%         N/A       34%         3
 Teleport Other           Tloc           5%         N/A       34%         3
 Airstrike                Air            3%         N/A       75%         4
 Corpse Rot               Necr/Pois/Air  7%         N/A       75%         4
 Dispersal                Tloc           2%         N/A       100%        6


Dungeon Overview and Level Annotations

Branches:
Dungeon (6/15)             Temple (1/1) D:5

Altars:
Ashenzari
Elyvilon
Fedhas
Gozag
Hepliaklqana
Kikubaaqudgha
Nemelex Xobeh
Okawaru
Qazlal
Ru
Sif Muna
Trog
Uskayaw
Vehumet
Xom
Yredelemnul
Zin
The Shining One


Innate Abilities, Weirdness & Mutations

You cannot wear most types of armour.
You are amphibious.
You can wear up to eight rings at the same time.
Your skin changes colour to match your surroundings (Stealth+).
Your rubbery body absorbs attacks. (AC +1, EV +1)
((You are camouflaged when in or above water. (Stealth+)))
You have tentacles for arms and can constrict up to eight enemies at once.
You have an increased reservoir of magic. (+10% MP)
You expend magic power (3 MP) to strengthen your wands.


Message History

The magic dart hits the steam dragon.
The steam dragon is moderately wounded.
Casting: Magic Dart (safe; 1% risk of failure)
Confirm with . or Enter, or press ? or * to list all spells.
You can't see any susceptible monsters within range! (Use Z to cast anyway.) Unknown command.
Casting: Magic Dart (safe; 1% risk of failure)
Confirm with . or Enter, or press ? or * to list all spells.
You can't see any susceptible monsters within range! (Use Z to cast anyway.)
Casting: Magic Dart (safe; 1% risk of failure)
Confirm with . or Enter, or press ? or * to list all spells.
Aiming: Magic Dart (safe; 1% risk of failure)
Press: ? - help, Shift-Dir - straight line, f/p - steam dragon
Aim: a steam dragon (moderately wounded, 100% to hit)
The magic dart hits the steam dragon.
The steam dragon is moderately wounded.
Casting: Magic Dart (safe; 1% risk of failure)
Confirm with . or Enter, or press ? or * to list all spells.
Aiming: Searing Ray (safe; 1% risk of failure)
Press: ? - help, Shift-Dir - straight line, f/p - steam dragon
Aim: a steam dragon (moderately wounded, 81% to hit)
The searing ray hits the steam dragon.
The steam dragon is heavily wounded. (Press . to maintain the ray.)
The steam dragon breathes steam at you. The ball of steam hits you!
You are engulfed in a cloud of scalding steam.
Casting: Searing Ray (safe; 1% risk of failure)
Confirm with . or Enter, or press ? or * to list all spells.
Aiming: Searing Ray (safe; 1% risk of failure)
Press: ? - help, Shift-Dir - straight line, f/p - steam dragon
Aim: a steam dragon (heavily wounded, 81% to hit)
The searing ray misses the steam dragon. (Press . to maintain the ray.)
The steam dragon breathes steam at you. The ball of steam hits you!
The steam dragon breathes steam at you. The ball of steam hits you!!
Ouch! That really hurt!
You die...

#............ #.
#............ #..
#....##...... #..
##......##.... .###..#
##..##...(###..
.......#####..#####...##..
............## ##.....#
#..........## ##....#
#......@#...# ##...# .
##....§###..## #..... ..#
#....§# ##<.## ##..##.
....#...§## ##..####..##..
.........# ##).##.......
..##...D## ##..........
####.## #).......## #..##
#..##...###
##...#####...###..#


There were no monsters in sight!

Vanquished Creatures
  Grinder (D:4)
  A phantom (D:3)
  2 necrophages (D:5)
  2 scorpions (D:4)
  A jelly (D:3)
  A gnoll shaman (D:3)
  2 hounds
  4 iguanas
  Terence (D:3)
  5 gnolls
  5 adders
  A white imp (D:5)
  An ufetubus (D:5)
  2 worms (D:2)
  A dart slug (D:2)
  8 orcs
  10 ball pythons
  3 endoplasms
  2 giant cockroaches
  9 goblins
  10 hobgoblins
  5 quokkas
  8 bats
  5 frilled lizards
  6 kobolds
  9 rats
105 creatures vanquished.

Notes
Turn   | Place    | Note
-------+----------+-------------------------------------------
     0 | D:1      | indigestion the Octopode Conjurer began the quest for the
                  | Orb.
     0 | D:1      | Reached XP level 1. HP: 11/11 MP: 3/3
   319 | D:1      | Reached XP level 2. HP: 17/17 MP: 3/5
   761 | D:1      | Reached XP level 3. HP: 3/22 MP: 7/7
  1182 | D:1      | Learned a level 2 spell: Searing Ray
  1861 | D:2      | Reached skill level 1 in Short Blades
  1951 | D:2      | Reached skill level 1 in Fighting
  2179 | D:2      | Found a faded altar of an unknown god.
  2218 | D:2      | Reached XP level 4. HP: 28/28 MP: 4/8
  2498 | D:3      | Found a stormy altar of Qazlal.
  2788 | D:3      | Noticed Terence
  2798 | D:3      | Killed Terence
  3125 | D:4      | Noticed a phantom
  3154 | D:3      | Killed a phantom
  3155 | D:3      | Reached XP level 5. HP: 6/33 MP: 2/11
  3644 | D:4      | Reached XP level 6. HP: 31/38 MP: 4/13
  3890 | D:4      | Learned a level 1 spell: Necrotize
  3892 | D:4      | Learned a level 1 spell: Summon Small Mammal
  3931 | D:4      | Noticed Grinder
  4313 | D:3      | Reached skill level 5 in Spellcasting
  4313 | D:3      | Reached skill level 5 in Conjurations
  5266 | D:4      | Reached XP level 7. HP: 43/43 MP: 8/14
  5550 | D:4      | Killed Grinder
  5551 | D:4      | Reached skill level 6 in Conjurations
  5644 | D:5      | Entered Level 5 of the Dungeon
  5649 | D:5      | Reached skill level 7 in Conjurations
  5974 | D:5      | Reached XP level 8. HP: 44/48 MP: 3/15
  6153 | D:5      | Reached skill level 8 in Conjurations
  6183 | D:5      | Found a staircase to the Ecumenical Temple.
  6230 | Temple   | Entered the Ecumenical Temple
  6531 | Temple   | Became a worshipper of Sif Muna the Loreminder
  7145 | D:6      | Gained mutation: You expend magic power (3 MP) to
                  | strengthen your wands. [potion of mutation]
  7145 | D:6      | Gained mutation: You have an increased reservoir of magic.
                  | (+10% MP) [potion of mutation]
  7254 | D:6      | Killed from afar by a steam dragon

Illustrated notes

Levels and vault maps discovered:
D:1:      dpeg_arrival_subterranean_lakeside_camping, layout_loops_corners,
          minmay_pentomino_q4
D:2:      layout_rooms, hellmonk_ecumenical_altar_leap_of_faith
D:3:      layout_basic, nicolae_qazlal_eye_of_the_storm, uniq_terence
D:4:      layout_gridville, uniq_grinder
D:5:      layout_cave_pools, minmay_temple_entry_hall
D:6:      layout_layer_cave, mainiacjoe_overflow_catwalk_spiral,
          makhleb_heckhound_becter, mainiacjoe_overflow_24_doors,
          grunt_decor_fettered
Temple:   minmay_temple_bridge_d

Skill      XL: |  1  2  3  4  5  6  7  8 |
---------------+-------------------------+-----
Stealth        | 3 |  3.0
Short Blades   | 1 |  1.0
Fighting       | 1 |  1.0
Spellcasting   | 3 4 5 |  5.0
Conjurations   | 5 7 8 |  8.1
Maces & Flails | |  0.7
Dodging        | |  2.0

Action                   |  1- 3 |  4- 6 |  7- 9 || total
-------------------------+-------+-------+-------++-------
Melee: Club              |     8 |       |       ||     8
       Constrict         |    12 |     4 |     2 ||    18
       Tentacles         |    10 |     5 |       ||    15
       Short sword       |    40 |    31 |     2 ||    73
       Dagger            |     8 |       |       ||     8
 Cast: Magic Dart        |    28 |    34 |    42 ||   104
       Searing Ray       |     3 |    25 |    18 ||    46
       Summon Small Mamm |       |     3 |       ||     3
       Necrotize         |       |     3 |       ||     3
  Use: Scroll            |     1 |     1 |     4 ||     6
       Potion            |       |     3 |     1 ||     4
 Stab: Sleeping          |    13 |     2 |       ||    15
Armor: Skin              |     9 |    15 |     4 ||    28
Dodge: Dodged            |    34 |    49 |    12 ||    95

Table legend: (Time is in decaauts)
 A = Elapsed time spent in this place.
 B = Non-inter-level travel time spent in this place.
 C = Inter-level travel time spent in this place.
 D = Time resting spent in this place.
 E = Time spent auto-exploring this place.
 F = Levels seen in this place.
 G = Mean time per level.
                   A        B        C        D        E       F      G
               +--------+--------+--------+--------+--------+-----+--------+
         Total |   7263 |   6923 |    340 |   2636 |   3292 |   7 | 1037.6 |
       Dungeon |   6891 |   6685 |    206 |   2636 |   3079 |   6 | 1148.5 |
        Temple |    372 |    238 |    134 |      0 |    213 |   1 |  372.0 |
               +--------+--------+--------+--------+--------+-----+--------+

Top non-repeatable levels by time:
     D:3: 2009 daAuts
     D:1: 1635 daAuts
     D:4: 1400 daAuts
     D:5: 985 daAuts
     D:2: 638 daAuts
  Temple: 372 daAuts
     D:6: 221 daAuts
